 Dungeon Crawl Stone Soup version 0.15-b1-63-g828a17f (webtiles) character file.

240 Sachiko the Stinger (level 6, -3/49 HPs)
             Began as a Naga Venom Mage on Aug 12, 2014.
             Was an Initiate of Cheibriados.
             Slain by Charly's ghost (9 damage)
             ... on Level 4 of the Dungeon.
             The game lasted 00:16:10 (3861 turns).

Sachiko the Stinger (Naga Venom Mage)               Turns: 3861, Time: 00:16:10

HP  -3/49        AC  7     Str 12      XL: 6   Next:  8%
MP  12/13        EV 10     Int 18      God: Cheibriados [......]
Gold 157         SH  0     Dex 13      Spells:  3 memorised,  3 levels left

rFire  . . .     SeeInvis +     j - +1 dagger (venom)
rCold  . . .     Clarity  .     l - +2 robe {MR+}
rNeg   . . .     rCorr    .     (no shield)
rPois  +         rRot     .     (no helmet)
rElec  .         Spirit   .     e - +0 cloak
SustAb .         Warding  .     i - +0 pair of gloves
rMut   +         Stasis   .     (no barding)
Gourm  .                        s - amulet of resist mutation
MR     +....                    (no ring)
                                h - +1 ring of dexterity

@: very slow, somewhat resistant to hostile enchantments, unstealthy
A: spit poison, see invisible, deformed body, poison resistance, slowness 2, AC
+2
a: Spit Poison, Bend Time, Renounce Religion


You were on level 4 of the Dungeon.
You worshipped Cheibriados.
Cheibriados was noncommittal.
You were not hungry.

You visited 2 branches of the dungeon, and saw 5 of its levels.

You collected 157 gold pieces.

Inventory:

Hand weapons
 j - a +1 dagger of venom (weapon)
Armour
 e - a +0 cloak (worn)
 i - a +0 pair of gloves (worn)
 l - a +2 robe of magic resistance (worn)
Comestibles
 c - 2 bread rations
 f - 5 rotting chunks of orc flesh
 n - 6 meat rations
 r - a rotting chunk of rat flesh
Scrolls
 a - a scroll of fear {unknown}
 g - 4 scrolls of teleportation
Jewellery
 h - a +1 ring of dexterity (left hand)
 s - an amulet of resist mutation (around neck)
Potions
 k - a potion of curing
 m - a potion of brilliance
 o - a potion of might
 p - a potion of resistance {unknown}
 q - a potion of poison {unknown}
 t - a potion of haste {unknown}
 u - a potion of heal wounds {unknown}
 w - a potion of restore abilities {unknown}
Books
 b - a Young Poisoner's Handbook

   Spells                             Type                      Level
   *Sting                             Conjuration/Poison           1
   Cure Poison                        Poison                       2
   *Mephitic Cloud                    Conjuration/Poison/Air       3
   *Olgreb's Toxic Radiance           Poison                       4
   Venom Bolt                         Conjuration/Poison           5
Miscellaneous
 d - a plain deck of destruction


   Skills:
 - Level 1.5 Dodging
 - Level 3.0 Stealth
 + Level 3.3 Spellcasting
 + Level 2.2 Conjurations
 - Level 0.2 Air Magic
 + Level 7.7 Poison Magic


You had 3 spell levels left.
You knew the following spells:

 Your Spells              Type           Power        Failure   Level  Hunger
a - Sting                 Conj/Pois      ###.         1%          1    None
b - Mephitic Cloud        Conj/Pois/Air  ###.....     14%         3    ###....
c - Olgreb's Toxic Radia  Pois           ####....     8%          4    ####...


Dungeon Overview and Level Annotations

Branches:
Dungeon (4/15)             Temple (1/1) D:4

Altars:
Ashenzari
Cheibriados
Dithmenos
Elyvilon
Fedhas
Kikubaaqudgha
Makhleb
Nemelex Xobeh
Okawaru
Qazlal
Sif Muna
Trog
Vehumet
Xom
Yredelemnul
Zin
The Shining One

Annotations:
D:4 Charly's ghost, weakling VSMo


Innate Abilities, Weirdness & Mutations

You cannot wear boots.
You can spit poison.
Your serpentine skin is tough (AC +2).
You have supernaturally acute eyesight.
Armour fits poorly on your strangely shaped body.
Your system is resistant to poisons.
You cover ground very slowly.


Message History

Charly's ghost hits you but does no damage.
You hit Charly's ghost.
Charly's ghost is severely damaged.
Charly's ghost stares at you. Charly's ghost hits you.
* * * LOW HITPOINT WARNING * * *
You closely miss Charly's ghost.
Charly's ghost is severely damaged.
Charly's ghost closely misses you.
You closely miss Charly's ghost.
Charly's ghost is severely damaged.
Charly's ghost completely misses you.
You hit Charly's ghost but do no damage.
Charly's ghost is severely damaged.
Charly's ghost hits you.
* * * LOW HITPOINT WARNING * * *
You miss Charly's ghost.
Charly's ghost is severely damaged.
Charly's ghost hits you!
You die...

))# #.# #.# #(#
#.####'#########
#.#####.##...........#
#..#.................#
##.#.................#
#.#.................#
##...................#
........##......W....#
###..##.##......@....####
##.##.##...........'..#
#..#.##..<........##.#
##.#.##...........##.#
.#.###############.# .#.#
#(# .#. #.# .. #.# # #.#


You could see Charly's ghost.

Vanquished Creatures
  2 orc priests
  A worker ant (D:4)
  An orc wizard (D:3)
  2 adders
  A giant mite (D:3)
  A worm (D:3)
  A giant gecko (D:3)
  3 oozes
  12 orcs
  13 bats
  7 giant cockroaches
  10 goblins
  9 hobgoblins
  3 quokkas
  A giant newt (D:1)
  4 kobolds
  12 rats
83 creatures vanquished.

Notes
Turn   | Place    | Note
--------------------------------------------------------------
     0 | D:1      | Sachiko, the Naga Venom Mage, began the quest for the Orb.
     0 | D:1      | Reached XP level 1. HP: 15/15 MP: 3/3
   340 | D:1      | Reached XP level 2. HP: 17/22 MP: 1/4
   569 | D:1      | Reached skill level 6 in Poison Magic
   814 | D:1      | Reached XP level 3. HP: 28/28 MP: 3/6
  1547 | D:2      | Learned a level 3 spell: Mephitic Cloud
  1698 | D:2      | Reached skill level 1 in Conjurations
  1698 | D:2      | Reached XP level 4. HP: 36/36 MP: 3/7
  1981 | D:3      | Reached skill level 7 in Poison Magic
  2403 | D:3      | Reached XP level 5. HP: 42/42 MP: 9/9
  2439 | D:3      | Learned a level 4 spell: Olgreb's Toxic Radiance
  3020 | D:4      | Found a staircase to the Ecumenical Temple.
  3029 | Temple   | Entered the Ecumenical Temple
  3135 | Temple   | Became a worshipper of Cheibriados the Contemplative
  3570 | D:4      | Reached XP level 6. HP: 11/49 MP: 5/13
  3839 | D:4      | Noticed Charly's ghost (weakling VSMo)
  3861 | D:4      | Slain by Charly's ghost

Action                   |  1- 3 |  4- 6 || total
-------------------------+-------+-------++-------
Melee: Whip              |    38 |       ||    38
       Dagger            |    79 |   103 ||   182
 Cast: Sting             |    21 |    38 ||    59
       Mephitic Cloud    |     1 |     1 ||     2
 Abil: Spit Poison       |     3 |     1 ||     4
  Use: Scroll            |     4 |     6 ||    10
 Stab: Sleeping          |     2 |     1 ||     3
  Eat: Chunk             |     3 |     7 ||    10
